 Dungeon Crawl Stone Soup version 0.21-a0-200-gb89f83b (webtiles) character file.

1395 Goblin1989 the Grappler (level 8, 0/70 HPs)
             Began as a Ghoul Fighter on Aug 16, 2017.
             Was a Follower of Ru.
             Slain by an orc warrior
             ... wielding a +2 trident of freezing
              (1 damage)
             ... on level 6 of the Dungeon.
             The game lasted 00:13:08 (5886 turns).

Goblin1989 the Grappler (Ghoul Fighter)             Turns: 5886, Time: 00:13:09

Health: 0/70       AC: 10    Str: 22    XL:     8   Next: 68%
Magic:  7/7        EV:  5    Int:  3    God:    Ru [*.....]
Gold:   292        SH:  9    Dex:  8    Spells: 7/7 levels left

rFire    . . .     SeeInvis .     - Unarmed
rCold    + . .     Gourm    .   b - +0 shield
rNeg     + + +     Faith    .   f - +0 chain mail
rPois    ∞         Spirit   .   s - +0 helmet
rElec    .         Reflect  .   (no cloak)
rCorr    .         Harm     .   (no gloves)
MR       .....                  (no boots)
Stlth    ..........             (no amulet)
HPRegen  0.00/turn              (no ring)
MPRegen  0.10/turn              (no ring)

@: rotting
A: rotting body, claws 1, carnivore 3, cold resistance 1, negative energy
resistance 3, inhibited regeneration, torment resistance, unbreathing, no air
magic, no charms magic, no hexes magic
a: Renounce Religion


You were on level 6 of the Dungeon.
You worshipped Ru.
Ru was aware of your devotion.
You were not hungry.

You visited 2 branches of the dungeon, and saw 7 of its levels.

You collected 292 gold pieces.

Inventory:

Missiles
 g - 38 bolts
 Z - a throwing net (quivered) {!d}
Armour
 b - a +0 shield (worn)
 f - a +0 chain mail (worn)
 s - a +0 helmet (worn)
Wands
 L - a wand of lightning (6/15)
Scrolls
 i - 2 scrolls of teleportation {unknown}
 j - 2 scrolls of fog {unknown}
 l - a scroll of random uselessness {unknown}
 m - 3 scrolls of identify {unknown}
 r - 2 scrolls of immolation {unknown}
 v - 3 scrolls of fear {unknown}
 w - 4 scrolls of recharging {unknown}
 y - 2 scrolls of remove curse {unknown}
 z - a scroll of noise {unknown}
Potions
 e - 2 potions of heal wounds {@q2, !q}
 n - 2 potions of lignification {unknown}
 p - 2 potions of agility {unknown}
 q - a potion of brilliance {unknown}
 t - a potion of mutation {unknown}
 u - 2 potions of resistance {unknown}
 C - 2 potions of curing {unknown}
Comestibles
 d - 3 meat rations {@e2}
 X - a royal jelly


   Skills:
 + Level 6.0 Fighting
 + Level 4.6 Armour
 + Level 4.7 Shields
 * Level 8.0 Unarmed Combat


You had 7 spell levels left.
You didn't know any spells.

Dungeon Overview and Level Annotations

Branches:
Dungeon (6/15)             Temple (1/1) D:4

Altars:
Ashenzari
Cheibriados
Dithmenos
Elyvilon
Fedhas
Hepliaklqana
Kikubaaqudgha
Makhleb
Nemelex Xobeh
Okawaru
Qazlal
Ru
Sif Muna
Vehumet
Yredelemnul
Zin
The Shining One

Shops:
D:6 }[


Innate Abilities, Weirdness & Mutations

Your body is rotting away.
You thrive on raw meat.
You are immune to poison.
You have sharp fingernails.
You are carnivorous and can eat meat at any time.
Your flesh is cold resistant. (rC+)
You are immune to negative energy. (rN+++)
You do not regenerate when monsters are visible.
You are immune to unholy pain and torment.
You can survive without breathing.
You cannot study or cast Air magic.
You cannot study or cast Charms magic.
You cannot study or cast Hexes magic.


Message History

You butcher the orc corpse.
Y - 5 chunks of flesh (gained 4)
Things that are here:
a flail x2
Things that are here:
a flail x2; Health restored: 70 You butcher the orc corpse.
Y - 7 chunks of flesh (gained 2)
You see here a club. x2
Eating one of 7 chunks of flesh.
You eat one of the 7 chunks of flesh.
This raw flesh tastes great!
Eating one of 6 chunks of flesh.
You eat one of the 6 chunks of flesh.
This raw flesh tastes great!
Eating one of 5 chunks of flesh.
You eat one of the 5 chunks of flesh.
This raw flesh tastes great!
Eating one of 4 chunks of flesh.
You eat one of the 4 chunks of flesh.
This raw flesh tastes great!
Eating one of 3 chunks of flesh.
You eat one of the 3 chunks of flesh.
This raw flesh tastes great!
Eating one of 2 chunks of flesh.
You eat one of the 2 chunks of flesh.
This raw flesh tastes great!
Eating a chunk of flesh.
You eat the chunk of flesh.
This raw flesh tastes great!
An orc warrior comes into view. It is wielding a trident of freezing.
The orc warrior shouts!
The orc warrior hits you from afar with a trident of freezing!
The orc warrior freezes you.
You take 11 damage, and have 59/70 hp.
The orc warrior hits you with a trident of freezing!!
The orc warrior freezes you.
You take 21 damage, and have 38/70 hp.
MASSIVE DAMAGE!!
You are too injured to fight recklessly!
You are too injured to fight recklessly!
You are too injured to fight recklessly!
You are too injured to fight recklessly!
You are too injured to fight recklessly!
You are too injured to fight recklessly!
You are too injured to fight recklessly!
You are too injured to fight recklessly!
You are too injured to fight recklessly!
You are too injured to fight recklessly!
You are too injured to fight recklessly!
You are too injured to fight recklessly!
You are too injured to fight recklessly!
You are too injured to fight recklessly!
You are too injured to fight recklessly!
You are too injured to fight recklessly!
You are too injured to fight recklessly!
You are too injured to fight recklessly!
You are too injured to fight recklessly!
You are too injured to fight recklessly!
You are too injured to fight recklessly!
You are too injured to fight recklessly!
You are too injured to fight recklessly!
You are too injured to fight recklessly!
You are too injured to fight recklessly!
You are too injured to fight recklessly!
You are too injured to fight recklessly!
You are too injured to fight recklessly!
You are too injured to fight recklessly!
You are too injured to fight recklessly!
You scratch the orc warrior.
The orc warrior is lightly wounded.
You block the orc warrior's attack.
You closely miss the orc warrior.
The orc warrior is lightly wounded.
The orc warrior hits you with a trident of freezing!
* * * LOW HITPOINT WARNING * * *
The orc warrior freezes you.
* * * LOW HITPOINT WARNING * * *
You take 17 damage, and have 21/70 hp.
MASSIVE DAMAGE!!
You closely miss the orc warrior.
The orc warrior is lightly wounded.
The orc warrior hits you with a trident of freezing.
* * * LOW HITPOINT WARNING * * *
You take 5 damage, and have 16/70 hp.
You closely miss the orc warrior.
The orc warrior is lightly wounded.
You block the orc warrior's attack.
You closely miss the orc warrior.
The orc warrior is lightly wounded.
The orc warrior hits you but does no damage.
Unknown command.
Your chain mail prevents you from hitting the orc warrior.
The orc warrior is lightly wounded.
Your shield and chain mail prevent you from hitting the orc warrior.
The orc warrior is lightly wounded.
The orc warrior completely misses you.
You scratch the orc warrior.
The orc warrior is lightly wounded.
You block the orc warrior's attack.
You scratch the orc warrior but do no damage.
The orc warrior is lightly wounded.
You block the orc warrior's attack.
You scratch the orc warrior but do no damage.
The orc warrior is lightly wounded.
The orc warrior hits you with a trident of freezing!
* * * LOW HITPOINT WARNING * * *
The orc warrior freezes you.
You die...

██ ███████♣ █..
........
█.██████████████♣∩
█.█.. ..█.........
█.█.███.█.███████♣
█.█.....█.████████
█......<.))......<
█.....█.█.....████
█@███.█.█████▲████


█o█ █.█.█ ..... ... ..█.. ..... ██.███████ ..... █.. ..... █.█ .████ █.█ █ █.█
.████ ..... You could see an orc warrior.

Vanquished Creatures
  A slime creature (D:5)
  An orc warrior (D:3)
  2 phantoms
  A sky beast (D:5)
  A scorpion (D:5)
  A bullfrog zombie (D:6)
  5 jellies (D:5)
  2 hounds
  6 orc priests
  2 orc wizards
  5 worker ants
  6 adders
  5 oozes
  A worm (D:4)
  A leopard gecko (D:4)
  21 orcs
  8 giant cockroaches
  13 goblins
  9 hobgoblins
  6 jackals
  3 quokkas
  A ball python (D:3)
  9 bats
  5 frilled lizards
  14 kobolds
  A leopard gecko skeleton (D:5)
  5 rats (D:1)
135 creatures vanquished.

Vanquished Creatures (others)
  11 toadstools (D:5)
11 creatures vanquished.

Grand Total: 146 creatures vanquished

Notes
Turn   | Place    | Note
-------+----------+-------------------------------------------
     0 | D:1      | Goblin1989 the Ghoul Fighter began the quest for the Orb.
     0 | D:1      | Reached XP level 1. HP: 19/19 MP: 0/0
     0 | D:1      | Upgraded the game from 0.21-a0-196-g6a663c0 to 0.21-a0-200-gb89f83b
   460 | D:1      | Reached skill level 3 in Unarmed Combat
   460 | D:1      | Reached XP level 2. HP: 21/23 MP: 1/1
   837 | D:1      | Reached XP level 3. HP: 24/31 MP: 2/2
  1749 | D:2      | Reached skill level 4 in Unarmed Combat
  1750 | D:2      | Reached XP level 4. HP: 17/38 MP: 3/3
  2216 | D:3      | Noticed a phantom
  2273 | D:3      | Killed a phantom
  2273 | D:3      | Reached XP level 5. HP: 25/46 MP: 4/4
  2485 | D:3      | Noticed an orc warrior
  2509 | D:3      | Killed an orc warrior
  2509 | D:3      | Reached skill level 5 in Unarmed Combat
  2509 | D:3      | Reached XP level 6. HP: 7/53 MP: 5/5
  3543 | D:4      | Found a blossoming altar of Fedhas.
  3562 | D:4      | Found a staircase to the Ecumenical Temple.
  3578 | D:4      | Reached XP level 7. HP: 57/60 MP: 6/6
  3585 | Temple   | Entered the Ecumenical Temple
  3676 | Temple   | Became a worshipper of Ru the Awakened
  3731 | D:4      | Reached skill level 6 in Unarmed Combat
  4674 | D:5      | Entered Level 5 of the Dungeon
  4813 | D:5      | Reached skill level 5 in Fighting
  5046 | D:5      | Found a hazy altar of Hepliaklqana.
  5213 | D:5      | Noticed a slime creature
  5229 | D:5      | Reached XP level 8. HP: 60/69 MP: 7/7
  5230 | D:5      | Gained mutation: You cannot study or cast Air magic. [Ru sacrifice]
  5230 | D:5      | Gained mutation: You cannot study or cast Hexes magic. [Ru sacrifice]
  5230 | D:5      | Gained mutation: You cannot study or cast Charms magic. [Ru sacrifice]
  5230 | D:5      | Reached * piety under Ru
  5239 | D:5      | Killed a slime creature
  5239 | D:5      | Reached skill level 7 in Unarmed Combat
  5258 | D:5      | HP: 1/70 [acid (5)]
  5608 | D:6      | Found Ablox's Gadget Shoppe.
  5644 | D:6      | Found Joemp's Armour Shoppe.
  5706 | D:6      | Found a shadowy altar of Dithmenos.
  5855 | D:6      | Reached skill level 8 in Unarmed Combat
  5886 | D:6      | HP: 1/70 [orc warrior/trident of freezing (15)]
  5886 | D:6      | Slain by an orc warrior

Vault maps used:
D:1:      dpeg_arrival_circle_labyrinth_c
D:2:      cheibrodos_pilgrimage
D:3:      first_bread
D:4:      fedhas_altar_4, minmay_temple_entry_junction_2,
          kennysheep_generic_room_5
D:5:      cheibrodos_fertilizer, old_standard_altar
D:6:      nicolae_dithmenos_shadow_blocks, doesnt_xom_only_xom,
          lightli_temple_of_fire, serial_shops, nicolae_shop_trees,
          nicolae_shop_crystal
Temple:   eino_temple_lava

Skill      XL: |  1  2  3  4  5  6  7  8 |
---------------+-------------------------+-----
Unarmed Combat | 3 4 5 6 8 |  8.0
Shields        | 3 4 |  4.7
Fighting       | 4 5 6 |  6.0
Armour         | 3 4 |  4.6

Action                   |  1- 3 |  4- 6 |  7- 9 || total
-------------------------+-------+-------+-------++-------
Melee: Unarmed           |   165 |   186 |   216 ||   567
Invok: Sacrifice Arcana  |       |       |     1 ||     1
  Use: Potion            |       |     1 |     1 ||     2
  Eat: Chunk             |    12 |    21 |    28 ||    61
Armor: Chain mail        |    90 |    96 |    57 ||   243
       Scale mail        |     1 |       |       ||     1
Dodge: Dodged            |    29 |    34 |    31 ||    94
Block: Shield            |    74 |    83 |    79 ||   236

Vault maps used:
D:1:      dpeg_arrival_circle_labyrinth_c
D:2:      cheibrodos_pilgrimage
D:3:      first_bread
D:4:      fedhas_altar_4, minmay_temple_entry_junction_2,
          kennysheep_generic_room_5
D:5:      cheibrodos_fertilizer, old_standard_altar
D:6:      nicolae_dithmenos_shadow_blocks, doesnt_xom_only_xom,
          lightli_temple_of_fire, serial_shops, nicolae_shop_trees,
          nicolae_shop_crystal
Temple:   eino_temple_lava
